 Dungeon Crawl Stone Soup version 0.20.1-1-g8b1a95d (webtiles) character file.

124 letownia2 the Grave Robber (level 4, -4/36 HPs)
             Began as a Deep Dwarf Necromancer on Dec 18, 2017.
             Slain by othur's ghost (11 damage)
             ... on level 4 of the Dungeon.
             The game lasted 00:03:34 (862 turns).

letownia2 the Grave Robber (Deep Dwarf Necromancer)  Turns: 862, Time: 00:03:35

Health: -4/36      AC:  3    Str: 11    XL:     4   Next: 81%
Magic:  7/7        EV: 18    Int: 17    God:
Gold:   38         SH:  0    Dex: 13    Spells: 3/7 levels left

rFire    . . .     SeeInvis .   a - +0 trident
rCold    + . .     Gourm    .   (no shield)
rNeg     . . .     Faith    .   o - +0 leather armour
rPois    .         Spirit   .   (no helmet)
rElec    .         Reflect  .   (no cloak)
rCorr    .         Harm     .   (no gloves)
MR       .....                  (no boots)
Stlth    +.........             (no amulet)
Regen    0.0/turn               g - ring of protection from cold
MPRegen  0.1/turn               j - +6 ring of evasion

@: non-regenerating, very slow
A: damage resistance, heal wounds, sense surroundings 1, no regeneration
a: Heal Wounds


You were on level 4 of the Dungeon.
You were hungry.

You visited 1 branch of the dungeon, and saw 4 of its levels.
You also visited: Sewer.

You collected 38 gold pieces.

Inventory:

Hand Weapons
 a - a +0 trident (weapon)
 c - a +1 blowgun
Armour
 l - a +0 scale mail
 o - a +0 leather armour (worn)
 q - a +0 robe
Jewellery
 g - a ring of protection from cold (left hand)
 j - a +6 ring of evasion (right hand)
Scrolls
 e - a scroll of immolation
Potions
 f - a potion of invisibility
 m - 3 potions of heal wounds {unknown}
 s - 2 potions of flight {unknown}
Books
 b - a book of Necromancy

   Spells                             Type                      Level
   a - Pain                           Necromancy                   1
   b - Animate Skeleton               Necromancy                   1
   c - Vampiric Draining              Necromancy                   3
   d - Regeneration                   Charms/Necromancy            3
   e - Animate Dead                   Necromancy                   4
   f - Control Undead                 Necromancy                   4
Comestibles
 h - a meat ration
 i - a royal jelly
 p - 2 bread rations


   Skills:
 - Level 2.1 Dodging
 - Level 2.4 Stealth
 - Level 2.1 Spellcasting
 + Level 6.6 Necromancy


You had 3 spell levels left.
You knew the following spells:

 Your Spells              Type           Power        Failure   Level  Hunger
a - Pain                  Necr           ###.         1%          1    #......
v - Vampiric Draining     Necr           ###.......   4%          3    ###....


Dungeon Overview and Level Annotations

Branches:
Dungeon (4/15)
 Temple: D:4-7

Altars:
Dithmenos

Annotations:
D:4 othur's ghost, amateur MiFi


Innate Abilities, Weirdness & Mutations

You are resistant to damage.
You can heal yourself by infusing magical energy.
You passively map a small area around you.
You do not regenerate.


Message History

Your +0 blowgun glows red for a moment.
As you read the scroll labeled DIEWACHEEV, it crumbles to dust.
It is a scroll of identify.
f - a potion of invisibility
As you read the scroll labeled TIRIVUHA APYKA, it crumbles to dust.
It is a scroll of recharging.
You aren't carrying any rechargeable items.
As you read the scroll labeled YHYZAWNABBO, it crumbles to dust.
You feel blessed for a moment.
It was a scroll of remove curse.
Welcome back to the Dungeon!
Level annotation: othur's ghost, amateur MiFi Othur's ghost closely misses you. x2
There is a collapsed entrance here.
Unknown command.
You enter the shallow water.
Moving in this stuff is going to be slow.
Othur's ghost hits you!
* * * LOW HITPOINT WARNING * * *
Othur's ghost hits you!
You die...

#..# , * ,*##..## ,* , *
....## ,,. *
##....#####.. *
####............ *..
.....#######..# * #.#*
*#.#≈≈≈≈≈#..# #.#
#.'≈W.≈≈#.#* * ##.##
##.#≈@≈≈≈#.# * #...#
#..#######.#
###...####..........####
***
#...)...##.####.##.###..
#....>.>........##.# #.#
* #.>.<...#######.##.#
#.# ###...### #.##.# #.#
#...# #.##.###.########
##### #............†...


You could see othur's ghost.

Vanquished Creatures
  A big kobold (Sewer)
  2 adders
  A river rat (Sewer)
  A dart slug (D:1)
  3 orcs (D:3)
  3 giant cockroaches
  A jackal (Sewer)
  4 kobolds
  2 ball pythons
  A quokka skeleton (D:4)
  4 rats
23 creatures vanquished.

Notes
Turn   | Place    | Note
-------+----------+-------------------------------------------
     0 | D:1      | letownia2 the Deep Dwarf Necromancer began the quest for the Orb.
     0 | D:1      | Reached XP level 1. HP: 15/15 MP: 3/3
   175 | D:3      | Found a shadowy altar of Dithmenos.
   286 | D:3      | Reached XP level 2. HP: 22/22 MP: 1/5
   397 | D:4      | Found a glowing drain.
   419 | D:4      | Reached skill level 5 in Necromancy
   438 | D:3      | Reached XP level 3. HP: 25/28 MP: 0/6
   469 | D:3      | Learned a level 3 spell: Vampiric Draining
   510 | D:4      | Noticed othur's ghost (amateur MiFi)
   533 | Sewer    | Entered a sewer
   645 | Sewer    | Noticed a big kobold
   701 | Sewer    | Killed a big kobold
   701 | Sewer    | Reached skill level 6 in Necromancy
   701 | Sewer    | Reached XP level 4. HP: 16/36 MP: 0/7
   813 | Sewer    | Found a glowing silver altar of Zin.
   862 | D:4      | Slain by othur's ghost

Skill      XL: |  1  2  3 |
---------------+----------+-----
Spellcasting   | 2 |  2.1
Necromancy     | 5 6 |  6.6
Dodging        | |  2.1
Stealth        | |  2.4

Action                   |  1- 3 |  4- 6 || total
-------------------------+-------+-------++-------
Melee: Trident           |    41 |     2 ||    43
       Unarmed           |     1 |       ||     1
 Cast: Pain              |    41 |       ||    41
       Vampiric Draining |     1 |     1 ||     2
  Use: Scroll            |       |     5 ||     5
 Stab: Sleeping          |     1 |       ||     1
Armor: Leather armour    |     8 |       ||     8
Dodge: Dodged            |    63 |     6 ||    69
